 Dungeon Crawl Stone Soup version 0.19-a0-1008-g4c63d25 (webtiles) character file.

18889 tyvek the Cleaver (level 12, -7/112 HPs)
             Began as a Deep Dwarf Fighter on July 24, 2016.
             Was an Elder of Makhleb.
             Mangled by a sixfirhy (8 damage)
             ... summoned by an orc high priest
             ... on level 2 of the Orcish Mines.
             The game lasted 00:47:42 (9926 turns).

tyvek the Cleaver (Deep Dwarf Fighter)              Turns: 9926, Time: 00:47:43

Health: -7/112     AC: -4    Str: 26    XL:     12   Next: 31%
Magic:  10/10      EV:  6    Int:  9    God:    Makhleb [****..]
Gold:   1404       SH: 12    Dex: 13    Spells: 0 memorised, 11 levels left

rFire  + . .     SeeInvis +     Q - +3 war axe (pain)
rCold  + . .     Gourm    +     R - +2 plate armour {rF+}
rNeg   . . .     Faith    .     E - +0 shield {reflect}
rPois  .         Spirit   .     K - +1 hat
rElec  .         Dismiss  .     V - +2 cloak {MR+}
rCorr  .         Reflect  +     P - +1 pair of gloves
SustAt .         Harm     .     (no boots)
MR     ++...                    n - amulet of the gourmand {Gourm, !d}
Stlth  ..........               x - ring of protection from cold {rC+, !d}
                                b - +2 ring of strength

@: lethally poisoned (-7 -> -7), corroded, non-regenerating, drained, very
resistant to hostile enchantments, extremely unstealthy
A: damage resistance, recharge devices, see invisible, sense surroundings 2,
slow regeneration 3
a: Device Recharging, Minor Destruction, Lesser Servant of Makhleb, Major
Destruction, Renounce Religion


You were on level 2 of the Orcish Mines.
You worshipped Makhleb.
Makhleb was greatly pleased with you.
You were completely stuffed.

You visited 3 branches of the dungeon, and saw 13 of its levels.
You also visited: Ossuary.

You collected 1404 gold pieces.

Inventory:

Hand Weapons
 Q - a +3 war axe of pain (weapon)
   (You took it off Donald on level 1 of the Orcish Mines)
Armour
 d - the +18 shield of the Gong {rElec rN+ MR+ EV-5}
   (You found it on level 6 of the Dungeon)

   It affects your evasion (-5).
   It insulates you from electricity.
   It protects you from negative energy.
   It affects your resistance to hostile enchantments.
 E - a +0 shield of reflection (worn)
   (You took it off Donald on level 1 of the Orcish Mines)
 K - a +1 hat (worn)
   (You found it on level 5 of the Dungeon)
 P - a +1 pair of gloves (worn)
   (You found it on level 9 of the Dungeon)
 R - a +2 plate armour of fire resistance (worn)
   (You took it off an orc knight on level 1 of the Orcish Mines)
 V - a +2 cloak of magic resistance (worn)
   (You found it on level 1 of the Orcish Mines)
Jewellery
 b - a +2 ring of strength (left hand)
   (You found it on level 6 of the Dungeon)
 n - an amulet of the gourmand (around neck) {Gourm, !d}
   (You found it on level 1 of the Dungeon)
 x - a ring of protection from cold (right hand) {rC+, !d}
   (You found it on level 5 of the Dungeon)
 y - an uncursed ring of see invisible {sInv, !d}
   (You took it off Sonja on level 10 of the Dungeon)
 J - an uncursed ring of resist corrosion
   (You found it on level 5 of the Dungeon)
Wands
 c - a wand of confusion (14/48)
   (You found it on level 6 of the Dungeon)
 e - a wand of heal wounds (3/9)
 r - a wand of polymorph (10/24)
   (You found it on level 2 of the Dungeon)
 u - a wand of enslavement (6/24)
   (You found it on level 2 of the Dungeon)
 F - a wand of digging (18/24)
   (You found it on level 4 of the Dungeon)
 G - a wand of lightning (0/15)
   (You found it on level 4 of the Dungeon)
 I - a wand of disintegration (13/24)
   (You found it on level 4 of the Dungeon)
Scrolls
 h - 10 scrolls of teleportation
 i - a scroll of silence
 m - 3 scrolls of remove curse
 s - a scroll of recharging
 B - 2 scrolls of enchant weapon
 C - 4 scrolls of blinking {!r}
 H - 2 scrolls of enchant armour
 N - a scroll of fog
Potions
 j - 6 potions of curing
 p - 4 potions of lignification {!q}
 q - 2 potions of flight
 t - 2 potions of agility
 v - a potion of cancellation
 w - 3 potions of mutation {!q}
 z - a potion of magic
 D - a potion of invisibility
 M - 4 potions of ambrosia
 O - 2 potions of berserk rage {!q}
Miscellaneous
 Z - a box of beasts
Comestibles
 f - 7 bread rations {@e1}
 g - 4 beef jerkies
 k - 13 chunks of flesh {@w0}
 l - 14 fruits
 o - 5 meat rations {@e2}
 A - a royal jelly
 L - 9 slices of pizza


   Skills:
 + Level 8.6(8.3) Fighting
 * Level 13.3(13.0) Axes
 + Level 10.1(9.8) Armour
 + Level 10.2(9.9) Shields
 + Level 8.4(8.2) Invocations


You had 11 spell levels left.
You didn't know any spells.

Dungeon Overview and Level Annotations

Branches:
Dungeon (10/15)            Temple (1/1) D:7            Lair (0/6) D:10
    Orc (2/2) D:10
    Elf: Orc:2

Altars:
Ashenzari
Cheibriados
Elyvilon
Fedhas
Gozag
Hepliaklqana
Kikubaaqudgha
Makhleb
Nemelex Xobeh
Okawaru
Pakellas
Qazlal
Ru
Sif Muna
Trog
Uskayaw
Vehumet
Yredelemnul
Zin
The Shining One
Beogh

Shops:
D:4 ?   D:9 (

Annotations:
Orc:2 Nessos


Innate Abilities, Weirdness & Mutations

You are resistant to damage.
You can recharge devices by infusing magical energy.
You passively map the area around you.
You do not regenerate naturally.
You have supernaturally acute eyesight. (SInv)


Message History

You hit the orc high priest but do no damage.
You hit the rust devil.
Your plate armour prevents you from hitting the ice devil.
The ice devil hits you but does no damage.
You block the orc high priest's attack. The rust devil hits you.
The rust devil corrodes you!
You hit the orc high priest but do no damage.
You slash the orc!
You kill the orc!
Makhleb accepts your kill.
You feel better.
You slash the rust devil! You hit the ice devil.
You block the ice devil's attack. The rust devil hits you!
The rust devil corrodes you! You block the orc high priest's attack.
You take 4 damage, and have 71/112 hp.
You barely miss the orc high priest. You hit the ice devil but do no damage.
You hit the rust devil but do no damage.
The ice devil hits you. The ice devil freezes you! You resist.
The rust devil hits you! The rust devil corrodes you!
You take 14 damage, and have 57/112 hp.
You block the orc's attack. The ice devil hits you! The ice devil freezes you!
You resist.
The orc high priest hits you with a trident.
The rust devil closely misses you.
You take 17 damage, and have 40/112 hp.
You closely miss the orc high priest.
Your plate armour prevents you from hitting the rust devil.
You hit the ice devil but do no damage. You barely miss the orc wizard.
You closely miss the orc.
The orc wizard gestures at you while chanting.
The magic dart hits you! The orc hits you but does no damage.
The ice devil hits you but does no damage.
The rust devil closely misses you.
The orc high priest utters an invocation to Beogh.
The orc wizard hits you with a dagger.
You slash the rust devil! You closely miss the orc high priest.
You hit the orc but do no damage. You hit the orc wizard.
You hit the ice devil but do no damage.
The ice devil disappears in a puff of smoke!
You block the orc's attack. The orc wizard barely misses you.
The rust devil hits you. The rust devil corrodes you!
You block the orc high priest's attack.
You take 2 damage, and have 38/112 hp.
You hit the orc high priest but do no damage.
You closely miss the orc. You closely miss the orc wizard.
You hit the rust devil but do no damage.
The orc wizard closely misses you.
The orange demon stings you but does no damage.
The orc hits you but does no damage. The rust devil barely misses you.
You hit the orc high priest but do no damage.
You hit the orc.
You hit the orc wizard but do no damage.
You hit the rust devil but do no damage.
The sixfirhy hits you! The sixfirhy shocks you!
* * * LOW HITPOINT WARNING * * *
The orc wizard hits you but does no damage.
The sixfirhy closely misses you.
The orc high priest hits you with a trident!
* * * LOW HITPOINT WARNING * * *
The orange demon stings you from afar.
* * * LOW HITPOINT WARNING * * *
You are poisoned.
The orange demon poisons you! You block the orc wizard's attack.
The sixfirhy hits you but does no damage.
The rust devil hits you. The rust devil corrodes you!
You take 19 damage, and have 19/112 hp.
You feel much better.
This wand has 4 charges left.
The sixfirhy hits you but does no damage.
The orc wizard hits you but does no damage.
You block the orange demon's attack. The rust devil hits you.
The rust devil corrodes you!
You regained 31 hp, and now have 50/112 hp.
You feel much better.
This wand has 3 charges left.
The orc wizard hits you but does no damage.
The orc high priest hits you with a trident.
You block the orange demon's attack. The orc hits you with a short sword.
The orc wizard mumbles some strange words.
The orc wizard blinks!
The rust devil hits you. The rust devil corrodes you!
You regained 23 hp, and now have 73/112 hp.
You hit the orc high priest but do no damage.
You slash the rust devil! You hit the orc but do no damage.
You miss the sixfirhy. The orc high priest barely misses you.
The orange demon stings you from afar! The sixfirhy hits you!
The sixfirhy shocks you! You block the orc's attack. The rust devil hits you.
The rust devil corrodes you!
You take 28 damage, and have 45/112 hp.
MASSIVE DAMAGE!!
A demon appears!
You block the sixfirhy's attack. The sixfirhy hits you!
* * * LOW HITPOINT WARNING * * *
The sixfirhy shocks you!
* * * LOW HITPOINT WARNING * * *
The sixfirhy hits you!
* * * LOW HITPOINT WARNING * * *
The sixfirhy shocks you!
* * * LOW HITPOINT WARNING * * *
The orange demon stings you from afar!
* * * LOW HITPOINT WARNING * * *
You block the orc high priest's attack. The sixfirhy hits you.
* * * LOW HITPOINT WARNING * * *
The sixfirhy shocks you!
You die...

, *,, * ............. *
* * , ............* ** *
, ,......#...., *
#.......... , #........#
* ##.3.....# * #####
#..o§..## #...# #.4@...#
#...# #.oo4.## ##...##
#.4$†.########......
##...).)...##......[)
#.......)).##.....#..[ *
#.................###.[
* ......#.#.#........#
##.
#.....######.......#####
#..... #...........#.#.


You could see an orc high priest, an orange demon, a rust devil, a sixfirhy, an
orc wizard, an orc and a friendly smoke demon.

Vanquished Creatures
  Donald (Orc:1)
  2 orc warlords (Orc:1)
  Erolcha (Orc:2)
  The ghost of tyvek the Blocker, a novice FoFi of Qazlal (D:8)
  An orc high priest (Orc:2)
  Sonja (D:10)
  2 orc knights (Orc:1)
  2 hill giants (D:10)
  2 orc sorcerers
  A centaur zombie (D:10)
  A centaur skeleton (D:10)
  2 trolls
  A two-headed ogre (Orc:1)
  The ghost of Bigslacks the Sneak, an amateur OpAs (Ossuary)
  2 wyverns
  Grum (D:8)
  A hungry ghost (D:10)
  4 wargs (Orc:1)
  30 orc warriors
  A black bear (D:9)
  An ice beast (D:8)
  2 sky beasts
  3 phantoms
  9 ogres
  4 wolves (D:8)
  A centaur (D:9)
  2 giant frogs
  2 elf skeletons (D:4)
  4 scorpions
  4 wights (D:10)
  3 giant frog zombies (Ossuary)
  6 crimson imps
  A gnoll shaman (D:6)
  3 hounds
  10 orc priests
  2 jellies
  17 orc wizards
  3 iguanas
  A human zombie (D:4)
  A human skeleton (D:4)
  11 worker ants
  2 killer bee zombies
  A hound zombie (Ossuary)
  2 hound skeletons
  20 mummies (Ossuary)
  4 worker ant zombies
  5 gnolls (D:6)
  6 adders
  A shadow imp (D:5)
  An ooze (D:2)
  6 adder zombies
  An adder skeleton (D:10)
  2 worms
  2 dart slugs
  3 giant geckos
  66 orcs
  14 bats
  6 giant cockroaches
  9 goblins
  9 hobgoblins
  12 jackals
  11 kobolds
  6 quokkas
  A giant gecko zombie (Ossuary)
  9 giant newts
  A jackal skeleton (D:5)
  2 orc skeletons (D:4)
  A quokka skeleton (D:5)
  7 rats
358 creatures vanquished.

Vanquished Creatures (others)
  A wizard (D:8)
  7 fungi
  A withered plant (Ossuary)
9 creatures vanquished.

Grand Total: 367 creatures vanquished

Notes
Turn   | Place    | Note
-------+----------+-------------------------------------------
     0 | D:1      | tyvek the Deep Dwarf Fighter began the quest for the Orb.
     0 | D:1      | Reached XP level 1. HP: 20/20 MP: 1/1
   263 | D:1      | Reached XP level 2. HP: 24/27 MP: 2/2
   477 | D:1      | Reached skill level 3 in Axes
   550 | D:1      | Found a sparkling altar of Nemelex Xobeh.
   906 | D:2      | Reached XP level 3. HP: 24/33 MP: 3/3
  1799 | D:3      | Reached XP level 4. HP: 39/40 MP: 4/4
  1853 | D:3      | Reached skill level 4 in Axes
  1854 | D:3      | Found a blossoming altar of Fedhas.
  1916 | D:3      | Reached skill level 4 in Shields
  1956 | D:3      | Reached skill level 3 in Fighting
  1961 | D:3      | Reached skill level 4 in Armour
  1973 | D:3      | Reached XP level 5. HP: 19/49 MP: 5/5
  2341 | D:3      | Noticed a phantom
  2359 | D:3      | Killed a phantom
  2398 | D:4      | Reached skill level 5 in Axes
  2399 | D:4      | Reached XP level 6. HP: 54/56 MP: 6/6
  2422 | D:4      | Found a glowing drain.
  2541 | D:4      | Reached skill level 6 in Axes
  2541 | D:4      | Reached skill level 5 in Armour
  2541 | D:4      | Reached XP level 7. HP: 33/63 MP: 7/7
  2558 | D:4      | Found a sand-covered staircase.
  2563 | Ossuary  | Entered an ossuary
  2577 | Ossuary  | HP: 9/63 [mummy (13)]
  2585 | Ossuary  | Reached skill level 5 in Shields
  2598 | Ossuary  | HP: 13/63 [bog mummy/puff of frost (12)]
  2642 | Ossuary  | HP: 15/63 [mummy (5)]
  2643 | Ossuary  | Reached skill level 4 in Fighting
  2652 | Ossuary  | HP: 12/64 [giant frog zombie (4)]
  2749 | Ossuary  | Noticed Bigslacks's ghost (amateur OpAs)
  2759 | Ossuary  | Killed Bigslacks's ghost
  2759 | Ossuary  | Reached skill level 7 in Axes
  2759 | Ossuary  | Reached XP level 8. HP: 35/73 MP: 6/6
  3283 | D:4      | Found Nakkogg's Magic Scroll Boutique.
  3535 | D:4      | Found a glowing golden altar of the Shining One.
  3561 | D:5      | Entered Level 5 of the Dungeon
  3591 | D:5      | Reached skill level 6 in Armour
  3648 | D:5      | Reached skill level 5 in Fighting
  3648 | D:5      | Reached skill level 8 in Axes
  3648 | D:5      | Reached skill level 6 in Shields
  4480 | D:6      | Gained mutation: You passively map the area around you. [Deep Dwarf growth]
  4480 | D:6      | Reached XP level 9. HP: 66/81 MP: 6/6
  4741 | D:6      | Found an oddly glowing altar of Pakellas.
  4758 | D:6      | Reached skill level 9 in Axes
  5295 | D:7      | Reached skill level 7 in Armour
  5342 | D:7      | Found a staircase to the Ecumenical Temple.
  5354 | Temple   | Entered the Ecumenical Temple
  5358 | Temple   | Became a worshipper of Makhleb the Destroyer
  5656 | D:8      | Reached skill level 6 in Fighting
  5656 | D:8      | Reached skill level 7 in Shields
  5656 | D:8      | Reached skill level 1 in Invocations
  5763 | D:8      | Found a bloodstained altar of Trog.
  5766 | D:8      | Noticed a wizard
  5770 | D:8      | Killed a wizard
  5802 | D:8      | Noticed tyvek's ghost (novice FoFi)
  5824 | D:8      | Killed tyvek's ghost
  5824 | D:8      | Reached skill level 2 in Invocations
  5850 | D:8      | Found a radiant altar of Vehumet.
  5905 | D:8      | Noticed Grum
  5908 | D:8      | Reached skill level 3 in Invocations
  5929 | D:8      | Killed Grum
  5929 | D:8      | Reached skill level 10 in Axes
  5958 | D:8      | Reached XP level 10. HP: 24/91 MP: 9/9
  5962 | D:8      | HP: 18/91 [wolf[Grum] (6)]
  6202 | D:8      | Found a hide-covered altar of Uskayaw.
  6252 | D:8      | Found a deep blue altar of Sif Muna.
  7028 | D:9      | Found Qoss's Weapon Emporium.
  7338 | D:10     | Entered Level 10 of the Dungeon
  7408 | D:10     | Found a staircase to the Orcish Mines.
  7410 | D:10     | Noticed Sonja
  7415 | D:10     | Noticed a hill giant
  7422 | D:10     | Reached skill level 8 in Armour
  7432 | D:10     | Reached skill level 4 in Invocations
  7433 | D:10     | Killed a hill giant
  7433 | D:10     | Reached * piety under Makhleb
  7433 | D:10     | Reached skill level 8 in Shields
  7459 | D:10     | HP: 23/92 [iguana (7)]
  7464 | D:10     | Killed Sonja
  7464 | D:10     | Reached skill level 7 in Fighting
  7464 | D:10     | Reached skill level 11 in Axes
  7464 | D:10     | Reached skill level 5 in Invocations
  7465 | D:10     | HP: 22/94 [hungry ghost (2)]
  7471 | D:10     | Noticed a hill giant
  7474 | D:10     | HP: 21/94 [hungry ghost (1)]
  7482 | D:10     | HP: 9/94 [hill giant/giant spiked club (12)]
  7486 | D:10     | Killed a hill giant
  7617 | D:10     | Reached XP level 11. HP: 51/100 MP: 11/11
  7874 | D:10     | Found a staircase to the Lair.
  8350 | Orc:1    | Entered Level 1 of the Orcish Mines
  8385 | Orc:1    | Reached ** piety under Makhleb
  8409 | Orc:1    | Reached skill level 6 in Invocations
  8501 | Orc:1    | Noticed an orc warlord
  8502 | Orc:1    | Noticed an orc sorcerer
  8508 | Orc:1    | Noticed a soul eater
  8512 | Orc:1    | Noticed an orc knight
  8518 | Orc:1    | Noticed a soul eater
  8535 | Orc:1    | HP: 23/100 [orc priest/divine providence (10)]
  8549 | Orc:1    | Killed an orc warlord
  8549 | Orc:1    | Reached skill level 9 in Armour
  8549 | Orc:1    | Reached skill level 9 in Shields
  8560 | Orc:1    | Killed an orc sorcerer
  8560 | Orc:1    | Reached skill level 12 in Axes
  8572 | Orc:1    | HP: 20/102 [orc knight/great mace (16)]
  8577 | Orc:1    | Noticed an orc knight
  8577 | Orc:1    | Killed an orc knight
  8577 | Orc:1    | HP: 13/102 [orc priest/divine providence (7)]
  8594 | Orc:1    | HP: 16/102 [orc knight/battleaxe (22)]
  8607 | Orc:1    | HP: 19/102 [orc priest/divine providence (9)]
  8614 | Orc:1    | Killed an orc knight
  8616 | Orc:1    | HP: 19/103 [orc warrior/glaive[an orc warlord] (9)]
  8631 | Orc:1    | HP: 23/103 [orc warrior/mace[an orc knight] (6)]
  8663 | Orc:1    | Reached skill level 7 in Invocations
  8670 | Orc:1    | HP: 18/103 [orc priest/divine providence (13)]
  8673 | Orc:1    | HP: 4/103 [orc priest/divine providence (14)]
  8736 | Orc:1    | Reached skill level 8 in Fighting
  8740 | Orc:1    | Noticed an orc warlord
  8753 | Orc:1    | HP: 22/103 [orc warrior/scimitar[an orc warlord] (4)]
  8832 | Orc:1    | Killed an orc warlord
  8845 | Orc:1    | Reached *** piety under Makhleb
  9001 | Orc:1    | Reached **** piety under Makhleb
  9192 | Orc:1    | Got a crude short sword
  9461 | Orc:1    | Found a roughly hewn altar of Beogh.
  9468 | Orc:1    | Reached XP level 12. HP: 85/111 MP: 11/11
  9618 | Orc:2    | Entered Level 2 of the Orcish Mines
  9620 | Orc:2    | Noticed Nessos
  9691 | Orc:2    | Found a roughly hewn altar of Beogh.
  9715 | Orc:2    | Noticed Erolcha
  9728 | Orc:2    | Noticed Donald
  9766 | Orc:1    | Killed Donald
  9766 | Orc:1    | Reached skill level 13 in Axes
  9766 | Orc:1    | Reached skill level 10 in Shields
  9766 | Orc:1    | Reached skill level 8 in Invocations
  9796 | Orc:2    | Killed Erolcha
  9796 | Orc:2    | Reached skill level 10 in Armour
  9807 | Orc:2    | Noticed an orc high priest
  9828 | Orc:2    | Killed an orc high priest
  9904 | Orc:2    | Gained mutation: You have supernaturally acute eyesight. (SInv) [a neqoxec]
  9907 | Orc:2    | Noticed an orc high priest
  9922 | Orc:2    | HP: 28/112 [sixfirhy[an orc high priest] (6)]
  9926 | Orc:2    | HP: 9/112 [sixfirhy[an orc high priest] (7)]
  9926 | Orc:2    | HP: 3/112 [orange demon[an orc high priest] (6)]
  9926 | Orc:2    | HP: 1/112 [sixfirhy[an orc high priest] (2)]
  9926 | Orc:2    | Mangled by a sixfirhy

Vault maps used:
D:1:      ncdulo_smallfort, nemelex_diamond_rough_becter
D:2:      minmay_diamond_boxcup, first_bread
D:3:      fedhas_altar_3
D:4:      lemuel_upstairs_altar, lemuel_coloured_pillars_altar, serial_shops,
          kennysheep_little_box, nicolae_ossuary_entry_catacombs,
          serial_aquarium, aquarium_bridge_square, aquarium_bridge_straight,
          aquarium_window_corner, aquarium_window_fake,
          aquarium_window_corridor_3, aquarium_window_2, aquarium_view_2c,
          aquarium_view_2b, aquarium_balcony_3a, portal_sewer_entry_f
D:6:      old_standard_altar, minmay_fountain_box, corexii_corridor_pit
D:8:      vehumet_crystals, led_sif_pool, kennysheep_mini, grunt_pizzeria,
          minmay_misc_feat_pillars, trog_wizard, uniq_grum
D:9:      serial_curves, eino_curves_03, eino_curves_02, eino_curves_04,
          serial_shops, shop
D:10:     due_lair_maze_entry_diamond, david_orc_2, uniq_sonja
Temple:   nicolae_temple_x_marks_the_god
Orc:1:    nicolae_orc_accident_2, serial_shops, minmay_orc_treasury
Orc:2:    st_orc_congregation, basic_altar, uniq_nessos, uniq_donald,
          uniq_erolcha
Ossuary:  ossuary_zaba_flooded

Skill      XL: |  1  2  3  4  5  6  7  8  9 10 11 12 |
---------------+-------------------------------------+-----
Axes           | 3 4 5 6 7 8 10 11 12 13 | 13.3
Shields        | 4 5 6 7 8 9 10 | 10.2
Fighting       | 3 4 5 6 7 8 |  8.6
Armour         | 4 5 6 7 8 9 10 | 10.1
Invocations    | 3 5 7 8 |  8.4

Action                   |  1- 3 |  4- 6 |  7- 9 | 10-12 || total
-------------------------+-------+-------+-------+-------++-------
Melee: War axe           |   137 |   149 |   526 |   803 ||  1615
       Hand axe          |       |       |       |    49 ||    49
       Broad axe         |       |       |       |    33 ||    33
Invok: Minor Destruction |       |       |       |    22 ||    22
       Lesser Servant of |       |       |       |     3 ||     3
 Abil: Device Recharging |       |       |     3 |     5 ||     8
Evoke: Wand              |     2 |     2 |    11 |    29 ||    44
  Use: Scroll            |       |     7 |    13 |     7 ||    27
       Potion            |       |       |     2 |     5 ||     7
 Stab: Confused          |       |       |       |     1 ||     1
  Eat: Chunk             |    16 |     2 |    13 |    24 ||    55
Armor: Scale mail        |    51 |    55 |    64 |       ||   170
       Chain mail        |       |       |    55 |    64 ||   119
       Plate armour      |       |       |       |    98 ||    98
Dodge: Dodged            |    49 |    31 |    70 |    25 ||   175
Block: Shield            |    72 |    87 |   401 |   866 ||  1426

Vault maps used:
D:1:      ncdulo_smallfort, nemelex_diamond_rough_becter
D:2:      minmay_diamond_boxcup, first_bread
D:3:      fedhas_altar_3
D:4:      lemuel_upstairs_altar, lemuel_coloured_pillars_altar, serial_shops,
          kennysheep_little_box, nicolae_ossuary_entry_catacombs,
          serial_aquarium, aquarium_bridge_square, aquarium_bridge_straight,
          aquarium_window_corner, aquarium_window_fake,
          aquarium_window_corridor_3, aquarium_window_2, aquarium_view_2c,
          aquarium_view_2b, aquarium_balcony_3a, portal_sewer_entry_f
D:6:      old_standard_altar, minmay_fountain_box, corexii_corridor_pit
D:8:      vehumet_crystals, led_sif_pool, kennysheep_mini, grunt_pizzeria,
          minmay_misc_feat_pillars, trog_wizard, uniq_grum
D:9:      serial_curves, eino_curves_03, eino_curves_02, eino_curves_04,
          serial_shops, shop
D:10:     due_lair_maze_entry_diamond, david_orc_2, uniq_sonja
Temple:   nicolae_temple_x_marks_the_god
Orc:1:    nicolae_orc_accident_2, serial_shops, minmay_orc_treasury
Orc:2:    st_orc_congregation, basic_altar, uniq_nessos, uniq_donald,
          uniq_erolcha
Ossuary:  ossuary_zaba_flooded

Table legend:
 A = Turns spent in this place as a percentage of turns spent in the entire game.
 B = Non-inter-level travel turns spent in this place as a percentage of non-inter-level travel turns spent in the entire game.
 C = Inter-level travel turns spent in this place as a percentage of turns spent in this place.
 D = Turns resting spent in this place as a percentage of non-inter-level travel turns spent in this place.
 E = Turns spent auto-exploring this place as a percentage of non-inter-level travel turns spent in this place.
 F = Non-inter-level travel turns spent in this place divided by the number of levels of this place that you've seen.
                   A       B       C       D       E      F
               +-------+-------+-------+-------+-------+----------------------
         Total | 100.0 | 100.0 |   0.3 |   0.1 |   9.3 | 298.0
       Dungeon |  67.6 |  67.5 |   0.4 |   0.2 |  11.6 | 281.8
        Temple |   0.2 |   0.2 |   0.0 |   0.0 |   0.0 |   8.0
  Orcish Mines |  24.7 |  24.7 |   0.2 |   0.0 |   3.6 | 515.0
       Ossuary |   7.5 |   7.6 |   0.0 |   0.0 |   7.0 | 316.0
               +-------+-------+-------+-------+-------+----------------------

Table legend:
 A = Kills in this place as a percentage of kills in entire the game.
 B = Kills by you in this place as a percentage of kills by you in the entire game.
 C = Kills by friends in this place as a percentage of kills by friends in the entire game.
 D = Other kills in this place as a percentage of other kills in the entire game.
 E = Experience gained in this place as a percentage of experience gained in the entire game.
 F = Experience gained in this place divided by the number of levels of this place that you have seen.
                   A       B       C       D       E      F
               +-------+-------+-------+-------+-------+----------------------
         Total | 100.0 | 100.0 |  -nan |  -nan | 100.0 | 1927.5
       Dungeon |  64.5 |  64.5 |  -nan |  -nan |  39.2 | 1056.9
  Orcish Mines |  26.3 |  26.3 |  -nan |  -nan |  57.1 | 7706.5
       Ossuary |   9.2 |   9.2 |  -nan |  -nan |   3.7 | 1003.0
               +-------+-------+-------+-------+-------+----------------------
